 Dungeon Crawl Stone Soup version 0.28.0 (webtiles) character file.

Game seed: 8735677918435185766

11 HallandMoats the Ruffian (level 2, -1/26 HPs)
             Began as a Ghoul Monk on Feb 7, 2022.
             Slain by a gnoll (6 damage)
             ... on level 1 of the Dungeon.
             The game lasted 00:00:36 (435 turns).

HallandMoats the Ruffian (Ghoul Monk)                Turns: 435, Time: 00:00:37

Health: -1/26      AC:  2    Str: 14    XL:     2   Next: 29%
Magic:  1/1        EV: 12    Int:  5    God:
Gold:   5          SH:  0    Dex: 11    Spells: 1/1 levels left

rFire   . . .      SeeInvis .     - Unarmed
rCold   + . .      Faith    .   (no shield)
rNeg    + + +      Spirit   .   a - +0 robe
rPois   ∞          Reflect  .   (no helmet)
rElec   .          Harm     .   (no cloak)
rCorr   .          Rampage  .   (no gloves)
Will    .....                   (no boots)
Stlth   +.........              (no amulet)
HPRegen 0.00/turn               (no ring)
MPRegen 0.07/turn               (no ring)

@: inhibited regen, very slow
A: claws 1, cold resistance 1, negative energy resistance 3, inhibited
regeneration, torment resistance 2
a: no special abilities


You were on level 1 of the Dungeon.
You visited 1 branch of the dungeon, and saw 1 of its levels.

You collected 5 gold pieces.

Inventory:

Armour
 a - a +0 robe (worn)
Scrolls
 b - a scroll of immolation {unknown}
Potions
 c - a potion of haste {unknown}
 d - a potion of lignification {unknown}


   Skills:
 + Level 3.5 Fighting
 + Level 0.5 Armour
 + Level 2.9 Dodging
 - Level 2.1 Stealth
 + Level 3.5 Unarmed Combat


You had one spell level left.
You didn't know any spells.
Your spell library was empty.

Dungeon Overview and Level Annotations

Branches:
Dungeon (1/15)

Altars:


Innate Abilities, Weirdness & Mutations

You thrive by killing the living.
You are immune to poison.
You have sharp fingernails.
Your flesh is cold resistant. (rC+)
You are immune to negative energy. (rN+++)
You do not regenerate when monsters are visible.
You are immune to unholy pain and torment.


Message History

a +0 dagger; a kobold corpse A dart slug and a gnoll come into view.
There are monsters nearby!
There are monsters nearby!
There are monsters nearby!
Found a stone staircase leading down.
The gnoll shouts!
A rat comes into view.
The gnoll hits you with a +0 flail! The dart slug launches a dart at you.
The slug dart hits you.
You scratch the gnoll.
The gnoll is lightly wounded.
The gnoll hits you with a +0 flail. The dart slug launches a dart at you.
The slug dart hits you.
* * * LOW HITPOINT WARNING * * *
You are too injured to fight recklessly!
You are too injured to fight recklessly!
You are too injured to fight recklessly!
You are too injured to fight recklessly!
You are too injured to fight recklessly!
You are too injured to fight recklessly!
You are too injured to fight recklessly!
You are too injured to fight recklessly!
You are too injured to fight recklessly!
You are too injured to fight recklessly!
You are too injured to fight recklessly!
You are too injured to fight recklessly!
You are too injured to fight recklessly!
You are too injured to fight recklessly!
You are too injured to fight recklessly!
You are too injured to fight recklessly!
You are too injured to fight recklessly!
You are too injured to fight recklessly!
You are too injured to fight recklessly!
You enter the shallow water.
Moving in this stuff is going to be slow.
The gnoll hits you with a +0 flail.
You die...

#.####......###...##.#......8#
#.##...........###...#...8..##
#.##.#.#....#.## ##.##......##
#.##.#.###...÷# #..#......##
#.##.#........#####.####8.8##
#.##.####..♣...#>....#########
#....# #.....P....#.#........
###### #.♣♣.P.P............##
##..≈♣@grP###.##.....#
#...≈≈♣≈.............#
#.P≈♣≈≈♣P.##.#######.#
######..♣≈≈≈♣≈..#.# #.#
.........)≈≈≈≈≈....# #..
########...≈≈♣...### ####
##PP.P..P## ##♣....## #P...#


You could see a gnoll and a rat.

Vanquished Creatures
  2 bats (D:1)
  A giant cockroach (D:1)
  2 goblins (D:1)
  2 jackals (D:1)
  A kobold (D:1)
  A frilled lizard (D:1)
9 creatures vanquished.

Notes
Turn   | Place    | Note
-------+----------+-------------------------------------------
     0 | D:1      | HallandMoats the Ghoul Monk began the quest for the Orb.
     0 | D:1      | Reached XP level 1. HP: 19/19 MP: 0/0
   218 | D:1      | Reached XP level 2. HP: 26/26 MP: 1/1
   435 | D:1      | Slain by a gnoll

Illustrated notes

Levels and vault maps discovered:
D:1:      mrwooster_arrival_statue_3, layout_loops_ring, serial_bayou_pond_a

Action                   || total
-------------------------++-------
Melee: Unarmed           ||    24
Armor: Robe              ||     4
Dodge: Dodged            ||    14
